[Event "Titled Tuesday Blitz July 25 Early 2023"]
[White "Fantastic_Power"]
[Black "Liu, Casper"]
[BlackFideId "1454153"]
[WhiteElo "2738"]
[BlackElo "2476"]
[Result "1-0"]
[Round "7"]
[TimeControl "180+2"]
[Date "2023.07.25"]
[WhiteClock "0:00:13"]
[BlackClock "0:00:00"]
[Board "60"]

1. d4 Nf6 2. c4 g6 3. Nc3 Bg7 4. e4 O-O 5. Nf3 d6 6. Be2 Bg4 7. O-O Nc6 8. Be3 Nd7 9. d5 Bxf3 10. Bxf3 Nce5 11. Be2 Nb6 12. Qb3 f5 13. f4 Ned7 14. Qc2 Qe8 15. b4 fxe4 16. Rae1 e6 17. Nxe4 exd5 18. cxd5 Nxd5 19. Bc4 c6 20. Nxd6 Qe7 21. Bc5 Qh4 22. g3 Qh5 23. Nxb7 Nxc5 24. Nxc5 Bd4+ 25. Kh1 Rfe8 26. Ne6 Bb6 27. b5 cxb5 28. Be2 Ne3 29. Qb3 Qf5 30. Ng5+ Kg7 31. Bd3 Qc5 32. Rc1 Qd6 33. Qf7+ 1-0


[Site "https://www.chess.com"]

[Event "Titled Tuesday Blitz July 25 Early 2023"]
[White "Cheer_Down"]
[Black "Skvortsov, Andrei"]
[BlackFideId "24108600"]
[WhiteElo "2448"]
[BlackElo "2737"]
[Result "0-1"]
[Round "7"]
[TimeControl "180+2"]
[Date "2023.07.25"]
[WhiteClock "0:00:00"]
[BlackClock "0:00:04"]
[Board "61"]

1. e4 d5 2. exd5 Qxd5 3. Nc3 Qe5+ 4. Qe2 Nc6 5. Nf3 Qxe2+ 6. Bxe2 Nb4 7. Bd1 c6 8. a3 Nd5 9. Nxd5 cxd5 10. d4 Bf5 11. Bf4 f6 12. c3 Bd7 13. Bb3 e6 14. O-O Ne7 15. Rfe1 Kf7 16. Rac1 Rc8 17. c4 dxc4 18. Bxc4 Nd5 19. Bg3 Be7 20. Nd2 Nb6 21. Bb3 Rxc1 22. Rxc1 Rc8 23. Rxc8 Bxc8 24. Ne4 Bd7 25. Nc5 Bc8 26. Bb8 a6 27. Kf1 Nd5 28. Bc4 Ke8 29. Ke2 b5 30. Ba2 g5 31. g3 Kf7 32. Kd3 Nb6 33. Bc7 Nd5 34. Bb8 f5 35. Be5 Kg6 36. b4 h5 37. Bxd5 exd5 38. f4 h4 39. Ke3 gxf4+ 40. Bxf4 Kh5 41. Nd3 hxg3 42. hxg3 Bd8 43. Kf3 a5 44. Bd6 axb4 45. axb4 Kg5 46. Nf4 Bf6 47. Ke3 Bb7 48. Ne6+ Kg4 49. Bf4 Be7 50. Nc5 Bc8 51. Nd3 Be6 52. Bc7 Bg5+ 53. Bf4 Be7 54. Kf2 Bg8 55. Be5 Kg5 56. Ke3 Bf7 57. Bc7 Be8 58. Ba5 Kg4 59. Kf2 Bd6 60. Ne5+ Kh3 61. Kf3 Bh5+ 62. Kf4 Bg4 63. Kg5 Kxg3 0-1


[Site "https://www.chess.com"]

[Event "Titled Tuesday Blitz July 25 Early 2023"]
[White "Klekowski, Maciej"]
[Black "TomLiu777"]
[WhiteFideId "1132717"]
[WhiteElo "2737"]
[BlackElo "2397"]
[Result "1-0"]
[Round "7"]
[TimeControl "180+2"]
[Date "2023.07.25"]
[WhiteClock "0:01:15"]
[BlackClock "0:00:00"]
[Board "62"]

1. c4 Nf6 2. Nc3 c5 3. g3 g6 4. Bg2 Bg7 5. Nh3 h5 6. d3 h4 7. Bg5 hxg3 8. hxg3 Nc6 9. Qd2 d6 10. O-O-O Bg4 11. Nf4 Rxh1 12. Rxh1 Qa5 13. Kb1 O-O-O 14. Nfd5 Nxd5 15. cxd5 Nb4 16. a3 Na6 17. Rh4 Bxc3 18. Qxc3 Qxc3 19. bxc3 Bxe2 20. Kc2 f6 21. Be3 g5 22. Re4 Re8 23. g4 Nc7 24. c4 f5 25. gxf5 g4 26. Bg5 Bf3 27. Bxf3 gxf3 28. Bxe7 Kd7 29. f6 Rh8 30. f7 1-0


[Site "https://www.chess.com"]

[Event "Titled Tuesday Blitz July 25 Early 2023"]
[White "Mayank Chakraborty"]
[Black "Girinath, P.D.S."]
[WhiteFideId "25659766"]
[BlackFideId "5000572"]
[WhiteElo "2730"]
[BlackElo "2382"]
[Result "1-0"]
[Round "7"]
[TimeControl "180+2"]
[Date "2023.07.25"]
[WhiteClock "0:00:20"]
[BlackClock "0:00:00"]
[Board "63"]

1. e4 e6 2. d4 d5 3. Nc3 Nf6 4. e5 Nfd7 5. Nce2 c5 6. c3 b5 7. Nf3 a5 8. Nf4 Qb6 9. Bd3 b4 10. O-O Ba6 11. h4 h6 12. Re1 Nc6 13. Bc2 Be7 14. Nh5 g6 15. Nf4 O-O-O 16. Nh3 Rdg8 17. Be3 c4 18. Qd2 g5 19. hxg5 hxg5 20. Bxg5 Qd8 21. Bxe7 Qxe7 22. Nfg5 Bb5 23. f4 Nf8 24. f5 exf5 25. Bxf5+ Kb7 26. Rf1 Nd8 27. Rae1 Bd7 28. Qf4 Bxf5 29. Qxf5 Nfe6 30. Nxf7 Qh4 31. Nxh8 Rxh8 32. Re3 Rg8 33. Ref3 1-0


[Site "https://www.chess.com"]

[Event "Titled Tuesday Blitz July 25 Early 2023"]
[White "Kuznetsov, Felix"]
[Black "Luxama, Jacques Muller"]
[WhiteFideId "34147990"]
[BlackFideId "11900113"]
[WhiteElo "2720"]
[BlackElo "2219"]
[Result "1-0"]
[Round "7"]
[TimeControl "180+2"]
[Date "2023.07.25"]
[WhiteClock "0:01:08"]
[BlackClock "0:00:00"]
[Board "64"]

1. e4 e6 2. d4 d5 3. Nd2 dxe4 4. Nxe4 Nd7 5. Nf3 Ngf6 6. Nxf6+ Nxf6 7. Bd3 Be7 8. Qe2 O-O 9. Be3 c5 10. O-O-O Qc7 11. Kb1 Nd5 12. h4 Rd8 13. Bxh7+ Kxh7 14. Ng5+ Bxg5 15. hxg5+ Kg8 16. Qh5 Kf8 17. g6 Nxe3 18. fxe3 Qg3 19. Rhf1 f6 20. Qh8+ Ke7 21. Qxg7+ Kd6 22. dxc5+ Kc6 23. Rxd8 Qxg2 24. Rfd1 Kxc5 25. Qc7+ Qc6 26. Qxc6+ Kxc6 27. g7 1-0


[Site "https://www.chess.com"]

[Event "Titled Tuesday Blitz July 25 Early 2023"]
[White "Williams, Simon K"]
[Black "Zhigalko, Sergei"]
[WhiteFideId "404454"]
[BlackFideId "13502956"]
[WhiteElo "2716"]
[BlackElo "2874"]
[Result "1-0"]
[Round "7"]
[TimeControl "180+2"]
[Date "2023.07.25"]
[WhiteClock "0:00:13"]
[BlackClock "0:00:03"]
[Board "65"]

1. d4 Nf6 2. c4 e6 3. Nf3 b6 4. g3 Ba6 5. Qc2 Bb4+ 6. Bd2 Be7 7. e4 d5 8. cxd5 Bxf1 9. Kxf1 exd5 10. e5 Ne4 11. Nc3 Nxd2+ 12. Qxd2 Qd7 13. Kg2 Nc6 14. Rac1 Nd8 15. Ne1 Ne6 16. f4 f5 17. exf6 Bxf6 18. Nf3 O-O 19. Rhe1 c5 20. dxc5 Bxc3 21. Rxc3 bxc5 22. Rce3 Rae8 23. Re5 d4 24. Qd3 Kh8 25. Qe4 Nc7 26. Ng5 g6 27. h4 d3 28. Rd1 d2 29. h5 gxh5 30. Nf3 Rxe5 31. Qxe5+ Qg7 32. Qxc5 h4 33. Nxh4 Ne6 34. Qc3 Nxf4+ 35. Kh2 Qxc3 36. bxc3 Ne2 37. Rxd2 Nxc3 38. Rc2 Nd5 39. Rc5 Ne3 40. Rc7 Rf2+ 41. Kh3 Rxa2 42. Re7 Ra3 43. Kh2 Kg8 44. Kg1 Ng4 45. Kg2 Ra2+ 46. Kf3 Nh6 47. Kf4 Ra5 48. Rb7 Kh8 49. Nf3 Kg8 50. Ne5 Ra4+ 51. Kg5 Ra5 52. Kf6 Kh8 53. Rb8+ Ng8+ 54. Ke6 h6 55. Rb7 Ra6+ 56. Kf5 Ra5 57. Ke6 Ra6+ 58. Kf5 Rf6+ 59. Ke4 a6 60. Ra7 Re6 61. Kf5 Rf6+ 62. Ke4 Rb6 63. Kf5 Rf6+ 64. Kg4 h5+ 65. Kxh5 Rf5+ 66. Kg6 Rxe5 67. Rh7# 1-0


[Site "https://www.chess.com"]

[Event "Titled Tuesday Blitz July 25 Early 2023"]
[White "Mishra, Manoj"]
[Black "Molina, Roberto Junio Brito"]
[WhiteFideId "5006007"]
[BlackFideId "2109450"]
[WhiteElo "2214"]
[BlackElo "2866"]
[Result "1-0"]
[Round "7"]
[TimeControl "180+2"]
[Date "2023.07.25"]
[WhiteClock "0:01:28"]
[BlackClock "0:00:40"]
[Board "66"]

1. d4 d5 2. c4 e6 3. Nf3 Nf6 4. Nc3 c6 5. Bf4 dxc4 6. e3 b5 7. a4 Bb4 8. Be2 Nd5 9. Qc2 Nxf4 10. exf4 Bb7 11. O-O a6 12. Rfd1 Nd7 13. Ne5 O-O 14. Bf3 Qc7 15. b3 cxb3 16. Qxb3 Bxc3 17. Qxc3 Rac8 18. axb5 axb5 19. Ra7 Nxe5 20. fxe5 Ra8 21. Rda1 Rxa7 22. Rxa7 Qb6 23. Qc5 Qxc5 24. dxc5 Rb8 25. Kf1 Kf8 26. Ke2 Ke8 27. Rxb7 Rxb7 28. Bxc6+ Rd7 29. Bxb5 Kd8 30. Bxd7 Kxd7 31. Kd3 Kc6 32. Kc4 g5 33. g4 1-0


[Site "https://www.chess.com"]

[Event "Titled Tuesday Blitz July 25 Early 2023"]
[White "Ambartsumova, Karina"]
[Black "KhalilMousavi98"]
[WhiteFideId "4166299"]
[WhiteElo "2559"]
[BlackElo "2833"]
[Result "0-1"]
[Round "7"]
[TimeControl "180+2"]
[Date "2023.07.25"]
[WhiteClock "0:00:06"]
[BlackClock "0:01:23"]
[Board "67"]

1. c4 e5 2. Nc3 Nc6 3. Nf3 f5 4. d4 e4 5. Ng5 Nf6 6. g3 Bb4 7. Bg2 h6 8. Nh3 d5 9. O-O dxc4 10. a3 Bxc3 11. bxc3 Be6 12. Rb1 Rb8 13. f3 O-O 14. Nf2 Bd5 15. Bh3 Qd7 16. Bf4 Rfe8 17. Be5 e3 18. Nh1 Nxe5 19. dxe5 Rxe5 20. Qd4 Ree8 21. Qxa7 b6 22. Rbd1 Ra8 23. Bxf5 Qc6 0-1


[Site "https://www.chess.com"]

[Event "Titled Tuesday Blitz July 25 Early 2023"]
[White "Galiot, Goran"]
[Black "Kaasen, Tor Fredrik"]
[WhiteFideId "931560"]
[BlackFideId "1516647"]
[WhiteElo "2557"]
[BlackElo "2810"]
[Result "0-1"]
[Round "7"]
[TimeControl "180+2"]
[Date "2023.07.25"]
[WhiteClock "0:00:31"]
[BlackClock "0:00:10"]
[Board "68"]

1. d4 Nf6 2. c4 g6 3. Nc3 Bg7 4. e4 d6 5. Bg5 O-O 6. f4 c5 7. d5 Qa5 8. Qd2 b5 9. cxb5 a6 10. e5 dxe5 11. fxe5 Ng4 12. Bxe7 Re8 13. d6 Nxe5 14. Be2 Bb7 15. Nf3 Bxf3 16. gxf3 axb5 17. Nxb5 Qb6 18. Nc7 Nbc6 19. Nxa8 Rxa8 20. O-O Nd4 21. f4 c4 22. Kh1 Qc6+ 23. Bf3 Nexf3 24. Qg2 Rb8 25. Rf2 Qe4 26. Raf1 Bf8 27. Bxf8 Kxf8 28. Rxf3 Nxf3 29. Qxf3 Qxf3+ 30. Rxf3 Rxb2 31. Rc3 Rxa2 32. Rxc4 Rd2 33. Rc6 Kg7 34. Kg1 Kf6 35. h3 Ke6 36. Rc7 Rxd6 37. Kf2 Rd3 38. Kg2 h5 39. Rc5 Kf6 40. Rb5 Re3 41. Rc5 h4 42. Rd5 Rg3+ 43. Kh2 Rf3 44. Rd4 Kf5 45. Rd7 f6 46. Rh7 Rxf4 47. Kg2 Rb4 48. Rc7 Rb2+ 49. Kf3 Rb3+ 50. Kg2 Rg3+ 51. Kh2 g5 52. Rc5+ Kg6 53. Rc4 Rd3 54. Re4 Rd2+ 55. Kg1 f5 56. Re6+ Kh5 57. Rf6 f4 58. Rf5 Kg6 59. Rf8 Rd3 60. Kg2 Rg3+ 61. Kh2 Rd3 62. Kg2 Rd6 63. Kf3 Rf6 64. Rg8+ Kf5 65. Rc8 Re6 66. Rc5+ Re5 67. Rc3 Re1 68. Rc5+ Kg6 69. Rc6+ Kh5 70. Rc8 Rg1 71. Rh8+ Kg6 72. Rg8+ Kf7 73. Rc8 Rg3+ 74. Ke4 Rxh3 75. Kf5 Rg3 76. Rc7+ Ke8 77. Rg7 h3 78. Ke6 Kd8 79. Rg8+ Kc7 80. Rg7+ Kb6 81. Kf5 f3 82. Rh7 f2 83. Kg6 f1=Q 84. Rh6 Qb5 0-1


[Site "https://www.chess.com"]

[Event "Titled Tuesday Blitz July 25 Early 2023"]
[White "Putnam, Liam"]
[Black "Eynullayev, Altay"]
[WhiteFideId "30938279"]
[BlackFideId "13413562"]
[WhiteElo "2795"]
[BlackElo "2554"]
[Result "0-1"]
[Round "7"]
[TimeControl "180+2"]
[Date "2023.07.25"]
[WhiteClock "0:00:58"]
[BlackClock "0:01:17"]
[Board "69"]

1. h4 d5 2. a4 e5 3. d3 Nf6 4. Nf3 Nc6 5. c3 Bg4 6. b4 Bd6 7. b5 Ne7 8. Ba3 O-O 9. Bxd6 Qxd6 10. Qc1 c5 11. Nfd2 e4 12. e3 Nf5 13. d4 Nxe3 14. dxc5 Qe5 15. Nb3 Nxf1 16. Rxf1 Nh5 17. Qg5 f5 18. Nd4 Nf4 19. g3 Ng2+ 20. Kd2 h6 21. Qg6 Rf6 22. Qxf6 gxf6 23. Na3 e3+ 24. fxe3 Qxe3+ 25. Kc2 Qxg3 26. c6 Ne3+ 27. Kb3 Nxf1 28. Rxf1 bxc6 29. bxc6 Rb8+ 30. Nab5 a6 31. c7 Qxc7 32. Ne6 Qc4+ 0-1


[Site "https://www.chess.com"]

[Event "Titled Tuesday Blitz July 25 Early 2023"]
[White "Nazari, Arad"]
[Black "Hansch, Karsten"]
[WhiteFideId "12577324"]
[BlackFideId "24692239"]
[WhiteElo "2770"]
[BlackElo "2553"]
[Result "1-0"]
[Round "7"]
[TimeControl "180+2"]
[Date "2023.07.25"]
[WhiteClock "0:00:14"]
[BlackClock "0:00:00"]
[Board "70"]

1. e4 c6 2. Nf3 d5 3. Nc3 dxe4 4. Nxe4 Nf6 5. Qe2 Nxe4 6. Qxe4 Nd7 7. Bc4 Nf6 8. Ne5 e6 9. Qe2 Be7 10. O-O O-O 11. c3 c5 12. Rd1 Qc7 13. d4 cxd4 14. cxd4 Nd5 15. Qf3 Bf6 16. Bxd5 Bxe5 17. dxe5 exd5 18. Rxd5 Be6 19. Rd6 Bxa2 20. Qg3 Rfc8 21. Bh6 g6 22. h4 Be6 23. Bg5 Qc2 24. Bf6 Qe2 25. Rad1 h5 26. Qf4 Kh7 27. R1d2 Qc4 28. R6d4 Qc1+ 29. Kh2 a5 30. Rd6 Qc4 31. R2d4 Qc5 32. Rxe6 fxe6 33. Rd7+ Kg8 34. Qh6 1-0


[Site "https://www.chess.com"]

[Event "Titled Tuesday Blitz July 25 Early 2023"]
[White "Fiorito, Francisco"]
[Black "Djordjevic, Vuk"]
[WhiteFideId "180165"]
[BlackFideId "902098"]
[WhiteElo "2551"]
[BlackElo "2735"]
[Result "0-1"]
[Round "7"]
[TimeControl "180+2"]
[Date "2023.07.25"]
[WhiteClock "0:00:09"]
[BlackClock "0:00:16"]
[Board "71"]

1. e4 d5 2. exd5 Qxd5 3. Nc3 Qd6 4. d4 Nf6 5. Bc4 c6 6. Nf3 Be6 7. Bd3 Nbd7 8. O-O g6 9. Ng5 Bf5 10. Bxf5 gxf5 11. Re1 h6 12. Nh3 e6 13. Bf4 Qb4 14. Rb1 O-O-O 15. a3 Qc4 16. Qd2 Rg8 17. b3 Qa6 18. b4 Qc4 19. b5 c5 20. b6 Nxb6 21. Nb5 Nbd5 22. Nxa7+ Kd7 23. Rxb7+ Ke8 24. Nc6 Rc8 25. Ne5 Qa6 26. Rxf7 Ne4 27. Qd3 Qxd3 28. cxd3 Nd6 29. Ra7 Nb5 30. Ra6 Nxd4 31. Bg3 Nc7 32. Ra7 Bd6 33. Nf4 Bxe5 34. Rxe5 Nc6 35. Rxc7 Rxc7 36. Rxc5 Kd7 37. h4 Rcc8 38. Nh5 Rgd8 39. Bf4 Ne7 40. Rxc8 Rxc8 41. Bxh6 Rh8 42. Nf6+ Kd6 43. Bg5 Ng6 44. g3 e5 45. Kg2 Ke6 46. a4 Ra8 47. h5 Ne7 48. h6 Rxa4 49. h7 Ra8 50. Ng8 Ng6 51. Bf6 Ra7 52. h8=Q Nxh8 53. Bxh8 Ra8 54. Bxe5 Kxe5 55. Nh6 Ra6 56. Nf7+ Kf6 57. Nh6 Kg6 58. Ng8 Ra7 59. f4 Rg7 60. g4 Rxg8 61. g5 Rd8 62. Kf3 Rxd3+ 63. Ke2 Rd4 64. Ke3 Re4+ 65. Kf3 Kh5 66. Kg3 Re3+ 67. Kf2 Rb3 68. Ke2 Kg4 69. g6 Kxf4 70. Kf2 Rf3+ 71. Kg2 Rg3+ 72. Kh2 Rxg6 73. Kh1 Kf3 74. Kh2 f4 75. Kh1 Kf2 76. Kh2 Rh6# 0-1


[Site "https://www.chess.com"]

[Event "Titled Tuesday Blitz July 25 Early 2023"]
[White "Eynullayev, Atilla"]
[Black "Suyarov, Mukhammadzokhid"]
[WhiteFideId "13413570"]
[BlackFideId "14210495"]
[WhiteElo "2534"]
[BlackElo "2730"]
[Result "1-0"]
[Round "7"]
[TimeControl "180+2"]
[Date "2023.07.25"]
[WhiteClock "0:00:39"]
[BlackClock "0:00:55"]
[Board "72"]

1. d4 Nf6 2. c4 e6 3. Nc3 c5 4. d5 exd5 5. cxd5 d6 6. e4 g6 7. f4 Bg7 8. Bb5+ Nfd7 9. Bd3 O-O 10. Nf3 b5 11. Bxb5 Qa5 12. Be2 Re8 13. Bd2 Qb6 14. Qc2 Ba6 15. Bxa6 Qxa6 16. Kf2 Nb6 17. b3 N8d7 18. Rhe1 Rac8 19. Kg1 Bd4+ 20. Kh1 Nf6 21. h3 Re7 22. e5 Nfxd5 23. Nxd5 Nxd5 24. Nxd4 cxd4 25. Qe4 Nc7 26. Bb4 Rce8 27. Bxd6 Rd7 28. Bxc7 Rxc7 29. Qxd4 Rc2 30. a4 Rec8 31. Rad1 R8c3 32. e6 fxe6 33. Qd8+ Kg7 34. Rd7+ Kh6 35. Qg5# 1-0


[Site "https://www.chess.com"]

[Event "Titled Tuesday Blitz July 25 Early 2023"]
[White "Timmermans, Mark"]
[Black "Garakov, Mikhael"]
[WhiteFideId "1026399"]
[BlackFideId "4169034"]
[WhiteElo "2728"]
[BlackElo "2532"]
[Result "1-0"]
[Round "7"]
[TimeControl "180+2"]
[Date "2023.07.25"]
[WhiteClock "0:01:02"]
[BlackClock "0:00:03"]
[Board "73"]

1. b4 e5 2. Bb2 f6 3. e4 d5 4. exd5 Bxb4 5. Bc4 Bd6 6. Ne2 Ne7 7. O-O O-O 8. Nbc3 a6 9. a4 Bg4 10. f3 Bh5 11. d4 Nd7 12. Ne4 Bf7 13. Bb3 Nf5 14. Qd3 exd4 15. Nxd4 Ne5 16. Qd2 Nxd4 17. Qxd4 Re8 18. Rfd1 f5 19. Ng3 Qg5 20. f4 Nf3+ 21. gxf3 Bxf4 22. Kg2 Re2+ 23. Kf1 Re3 24. Kf2 Rae8 25. Re1 Rxe1 26. Rxe1 Rxe1 27. Kxe1 Bxg3+ 28. hxg3 Qxg3+ 29. Kd2 h5 30. d6 cxd6 31. Bxf7+ Kxf7 32. Qd5+ Kg6 33. Qxb7 Kh7 34. Qd5 Qg5+ 35. Kd3 h4 36. Qxd6 f4 37. Be5 h3 38. Bxf4 Qf5+ 39. Kc3 Qa5+ 40. Kb3 Qf5 41. Qd3 Kg6 42. Qxf5+ Kxf5 43. Bh2 1-0


[Site "https://www.chess.com"]

[Event "Titled Tuesday Blitz July 25 Early 2023"]
[White "NikaVolkov"]
[Black "Shapiro, Viktor"]
[BlackFideId "4175700"]
[WhiteElo "2721"]
[BlackElo "2523"]
[Result "1-0"]
[Round "7"]
[TimeControl "180+2"]
[Date "2023.07.25"]
[WhiteClock "0:01:20"]
[BlackClock "0:00:06"]
[Board "74"]

1. d4 Nf6 2. Nf3 c5 3. e3 e6 4. c4 cxd4 5. exd4 d5 6. Nc3 Nc6 7. Be2 Be7 8. O-O O-O 9. Be3 a6 10. Rc1 dxc4 11. Bxc4 b5 12. Bd3 Bb7 13. Qe2 Rc8 14. a3 Na5 15. Rfd1 Nc4 16. Bb1 Nd5 17. Ne5 Ndxe3 18. fxe3 Nxe5 19. dxe5 Qb6 20. Ne4 Rxc1 21. Rxc1 Rd8 22. b4 Bxe4 23. Bxe4 Bg5 24. Kf2 g6 25. g3 a5 26. h4 Be7 27. Rc6 Qb8 28. Qb2 axb4 29. axb4 Bf8 30. Qc3 Bg7 31. Rc5 Qa7 32. Rxb5 Qa2+ 33. Bc2 h5 34. Ra5 Bxe5 35. Rxe5 Qa8 36. Be4 Qb8 37. b5 Rc8 38. Rc5 Rd8 39. Bd3 Qa7 40. Rc7 Qa2+ 41. Be2 Qd5 42. Rc8 Rxc8 43. Qxc8+ Kh7 44. Qc6 Qf5+ 45. Bf3 Qb1 46. b6 Qb2+ 47. Be2 g5 48. hxg5 Kg6 49. b7 Kxg5 50. Qc7 1-0


[Site "https://www.chess.com"]

[Event "Titled Tuesday Blitz July 25 Early 2023"]
[White "Nasuta, Grzegorz"]
[Black "SmirnovAlexandrA"]
[WhiteFideId "1141686"]
[WhiteElo "2699"]
[BlackElo "2516"]
[Result "1-0"]
[Round "7"]
[TimeControl "180+2"]
[Date "2023.07.25"]
[WhiteClock "0:01:55"]
[BlackClock "0:02:10"]
[Board "75"]

1. e4 c5 2. Nf3 d6 3. d4 cxd4 4. Nxd4 Nf6 5. Nc3 a6 6. Be2 e6 7. Be3 Be7 8. g4 Nc6 9. g5 Nd7 10. h4 Qc7 11. f4 b5 12. Nxc6 Qxc6 13. a3 Bb7 14. Qd4 e5 15. Qd2 exf4 16. Bxf4 Ne5 17. O-O-O O-O-O 18. Nd5 Rhe8 19. Bxe5 dxe5 20. Nxe7+ 1-0


[Site "https://www.chess.com"]

[Event "Titled Tuesday Blitz July 25 Early 2023"]
[White "Weetik, Vjacheslav"]
[Black "Sreyas Payyappat"]
[WhiteFideId "4153472"]
[BlackFideId "46674969"]
[WhiteElo "2684"]
[BlackElo "2514"]
[Result "1-0"]
[Round "7"]
[TimeControl "180+2"]
[Date "2023.07.25"]
[WhiteClock "0:01:15"]
[BlackClock "0:01:45"]
[Board "76"]

1. e4 c6 2. d4 d5 3. e5 Bf5 4. h4 e6 5. g4 Bg6 6. h5 Be4 7. f3 c5 8. fxe4 cxd4 9. Bg2 dxe4 10. Bxe4 Qa5+ 11. Nd2 Qxe5 12. Qf3 Nf6 13. Ne2 Nbd7 14. Bxb7 Rb8 15. Bc6 Bb4 16. O-O Bd6 17. Qg2 Nxg4 18. Nc4 Qh2+ 19. Qxh2 Bxh2+ 20. Kh1 f5 21. Nxd4 Ke7 22. Bg5+ Ndf6 23. Rae1 Bg3 24. Nxf5+ 1-0


[Site "https://www.chess.com"]

[Event "Titled Tuesday Blitz July 25 Early 2023"]
[White "Fontaine, Quentin"]
[Black "Mohammad Fahad, Rahman"]
[WhiteFideId "230804"]
[BlackFideId "10207791"]
[WhiteElo "2498"]
[BlackElo "2676"]
[Result "0-1"]
[Round "7"]
[TimeControl "180+2"]
[Date "2023.07.25"]
[WhiteClock "0:00:05"]
[BlackClock "0:00:27"]
[Board "77"]

1. Nf3 Nf6 2. g3 b5 3. Bg2 Bb7 4. O-O e6 5. d3 Be7 6. e4 O-O 7. Nbd2 c5 8. Re1 d6 9. Qe2 Nbd7 10. Nf1 a5 11. a4 bxa4 12. Rxa4 Bc6 13. Ra1 a4 14. e5 Nd5 15. exd6 Bxd6 16. Ne3 N7b6 17. Nd2 Nxe3 18. Qxe3 Bxg2 19. Kxg2 Nd5 20. Qe4 Be7 21. Rxa4 Bf6 22. Rxa8 Qxa8 23. Nc4 h6 24. Re2 Qa1 25. Be3 Bxb2 26. Bxc5 Rc8 27. Bd6 Nc3 28. Qb7 Rxc4 29. Rxe6 fxe6 30. dxc4 Ne2 31. Qc8+ Kh7 32. Qxe6 Qg1+ 33. Kh3 Qxf2 34. Qe4+ g6 35. Qe7+ Bg7 36. Kg4 Qf5+ 37. Kh4 g5+ 38. Kh5 Qh3# 0-1


[Site "https://www.chess.com"]

[Event "Titled Tuesday Blitz July 25 Early 2023"]
[White "Skliarov, Viktor"]
[Black "Salman, Pavel"]
[WhiteFideId "14106736"]
[BlackFideId "24153753"]
[WhiteElo "2674"]
[BlackElo "2498"]
[Result "0-1"]
[Round "7"]
[TimeControl "180+2"]
[Date "2023.07.25"]
[WhiteClock "0:00:19"]
[BlackClock "0:01:13"]
[Board "78"]

1. e4 g6 2. d4 Bg7 3. Nc3 c5 4. dxc5 Qc7 5. Nd5 Qxc5 6. Be3 Qa5+ 7. c3 Nf6 8. Nxf6+ Bxf6 9. Bh6 d6 10. Bd3 Nc6 11. Nf3 Bg4 12. Qb3 Rb8 13. Bb5 Rc8 14. Bc4 Nd8 15. h3 Bxf3 16. gxf3 a6 17. Bd2 Qh5 18. Be2 O-O 19. f4 Qh4 20. f5 Qxe4 21. O-O Qxe2 0-1


[Site "https://www.chess.com"]

[Event "Titled Tuesday Blitz July 25 Early 2023"]
[White "Yeritsyan, Hayk"]
[Black "Haug, Havard"]
[WhiteFideId "13307320"]
[BlackFideId "1547887"]
[WhiteElo "2482"]
[BlackElo "2655"]
[Result "0-1"]
[Round "7"]
[TimeControl "180+2"]
[Date "2023.07.25"]
[WhiteClock "0:00:08"]
[BlackClock "0:00:13"]
[Board "79"]

1. c4 e6 2. Nc3 d5 3. cxd5 exd5 4. e4 dxe4 5. Nxe4 Be7 6. Nf3 Nf6 7. Ng3 O-O 8. Bc4 c5 9. O-O Nc6 10. b3 a6 11. Bb2 b5 12. Be2 Nd5 13. Ne4 Bf5 14. d3 Nf6 15. Ng3 Bg6 16. Rc1 Rc8 17. Qd2 Qd5 18. Rfe1 Rfd8 19. Bf1 Bxd3 20. Bxd3 Qxd3 21. Qxd3 Rxd3 22. Bxf6 gxf6 23. Nf5 Bf8 24. h4 Nb4 25. Re2 Nd5 26. Re4 Nc3 27. Rg4+ Kh8 28. Re1 Rd1 29. Rxd1 Nxd1 30. Nd2 Nc3 31. Kh2 Rd8 32. Nf1 Nxa2 33. N1g3 Bd6 34. f4 c4 35. bxc4 bxc4 36. Ne4 c3 37. Nfxd6 Rxd6 38. Nxd6 h5 39. Rg3 c2 40. Ne4 c1=Q 41. Nxf6 Qxf4 42. Nxh5 Qxh4+ 43. Rh3 Qd4 44. Ng3+ Kg8 45. Rh5 Nb4 46. Kh3 Nd3 47. Rh4 Nf2+ 0-1


[Site "https://www.chess.com"]

[Event "Titled Tuesday Blitz July 25 Early 2023"]
[White "Nagare Kaivalya Sandip"]
[Black "Itkis, Boris"]
[WhiteFideId "25957929"]
[BlackFideId "1209167"]
[WhiteElo "2652"]
[BlackElo "2473"]
[Result "1-0"]
[Round "7"]
[TimeControl "180+2"]
[Date "2023.07.25"]
[WhiteClock "0:00:18"]
[BlackClock "0:00:21"]
[Board "80"]

1. e4 e6 2. d4 d5 3. Nc3 Bb4 4. e5 c5 5. a3 Bxc3+ 6. bxc3 Ne7 7. Nf3 b6 8. a4 Ba6 9. Bxa6 Nxa6 10. O-O Rc8 11. Qd3 Nb8 12. Ng5 h6 13. Nh3 Qc7 14. Ba3 Nbc6 15. Nf4 Na5 16. Nh5 Kf8 17. dxc5 bxc5 18. f4 Nc4 19. Bc1 g6 20. Nf6 Ng8 21. Ng4 h5 22. Ne3 Nxe3 23. Bxe3 Ne7 24. Rfb1 Kg7 25. Rb5 d4 26. cxd4 cxd4 27. Bxd4 Rhd8 28. c3 Nd5 29. Rc5 Qd7 30. Rxc8 Rxc8 31. Qb5 Qc7 32. f5 gxf5 33. Qe2 Nxc3 34. Qxh5 Ne4 35. Qe2 Qc4 36. Qxc4 Rxc4 37. Bxa7 Kg6 38. a5 Nc3 39. a6 f4 40. Bf2 Nb5 41. a7 Nxa7 42. Bxa7 Kf5 43. Re1 Ra4 44. Bf2 Ra5 45. h4 Kg4 46. Rb1 Rxe5 47. Rb8 Rh5 48. Rg8+ Kf5 49. Rg7 f6 50. Kf1 e5 51. Ke2 e4 52. Rb7 Kg4 53. Re7 e3 54. Be1 Rb5 55. Rg7+ Kh5 56. Kf3 Rb1 57. Bc3 Rf1+ 58. Ke4 Kxh4 59. Kf5 e2 60. Bxf6+ Kh5 61. Rh7# 1-0


[Site "https://www.chess.com"]

[Event "Titled Tuesday Blitz July 25 Early 2023"]
[White "Arat, Ufuk Sezen"]
[Black "Estrada Nieto, Julian"]
[WhiteFideId "6309089"]
[BlackFideId "5101018"]
[WhiteElo "2623"]
[BlackElo "2464"]
[Result "1-0"]
[Round "7"]
[TimeControl "180+2"]
[Date "2023.07.25"]
[WhiteClock "0:00:24"]
[BlackClock "0:00:14"]
[Board "81"]

1. e4 e5 2. Nf3 Nc6 3. Bb5 a6 4. Ba4 Nf6 5. O-O Be7 6. Re1 b5 7. Bb3 d6 8. c3 O-O 9. h3 Bb7 10. d4 Re8 11. d5 Nb8 12. Bg5 Nbd7 13. Nbd2 Nc5 14. Bxf6 Bxf6 15. Bc2 c6 16. b4 Nd7 17. dxc6 Bxc6 18. Nb3 Nb6 19. Na5 Rc8 20. Qd3 Ba8 21. Rad1 Nc4 22. Nxc4 Rxc4 23. Bb3 Rc6 24. Bd5 Rb6 25. c4 bxc4 26. Qxc4 Bxd5 27. Rxd5 Qb8 28. a3 Rc8 29. Qd3 h6 30. Rd1 Be7 31. Nd2 Rbc6 32. Nf1 Rc3 33. Qxa6 Qa8 34. Qxa8 Rxa8 35. Ne3 Rcxa3 36. Nf5 Bf8 37. Nxd6 Bxd6 38. Rxd6 Rb3 39. Rb6 Ra4 40. Rd8+ Kh7 41. Rdb8 Rb1+ 42. Kh2 h5 43. R8b7 Rb2 44. Rxf7 Rbxb4 45. Rxb4 Rxb4 46. f3 Kg6 47. Rf5 Rb5 48. Kg3 Ra5 49. Kh4 Ra2 50. Rg5+ Kf6 51. Kxh5 Ra8 52. Rf5+ Ke6 53. Kg6 Ra7 54. g4 Rb7 55. h4 Ra7 56. h5 Rb7 57. g5 Ra7 58. h6 gxh6 59. gxh6 1-0


[Site "https://www.chess.com"]

[Event "Titled Tuesday Blitz July 25 Early 2023"]
[White "Arabidze, Meri"]
[Black "Devaev, Alexander"]
[WhiteFideId "13604040"]
[BlackFideId "4169395"]
[WhiteElo "2611"]
[BlackElo "2463"]
[Result "1-0"]
[Round "7"]
[TimeControl "180+2"]
[Date "2023.07.25"]
[WhiteClock "0:00:21"]
[BlackClock "0:00:00"]
[Board "82"]

1. Nf3 Nf6 2. b3 c5 3. Bb2 Nc6 4. c4 e6 5. e3 Be7 6. Be2 b6 7. O-O Bb7 8. d3 O-O 9. Nc3 a6 10. Re1 Rc8 11. e4 d6 12. Bf1 Qc7 13. d4 cxd4 14. Nxd4 Rfe8 15. Rc1 Ne5 16. f4 Ned7 17. f5 Bf8 18. Bd3 Ne5 19. Bf1 Ba8 20. Qd2 Qc5 21. Kh1 Neg4 22. h3 Ne5 23. Qe3 h6 24. Be2 Nc6 25. Na4 Nxd4 26. Nxc5 Nxe2 27. Qxe2 Rxc5 28. Bxf6 gxf6 29. Qf2 a5 30. a3 Re5 31. fxe6 R8xe6 32. Qxb6 Bxe4 33. Rxe4 Rxe4 34. Qxa5 h5 35. Qxh5 R4e5 36. Qf3 Bh6 37. Rf1 Re3 38. Qg4+ Kh7 39. Qf5+ Kg7 40. Qg4+ Kh7 41. a4 Rxb3 42. a5 1-0


[Site "https://www.chess.com"]